 Dungeon Crawl Stone Soup version 0.23-a0-512-g50a8178 (webtiles) character file.

144 theanonym the Grave Robber (level 5, -3/35 HPs)
             Began as a Mummy Necromancer on Dec 4, 2018.
             Slain by a hornet zombie (13 damage)
             ... on level 3 of the Dungeon.
             The game lasted 00:04:10 (2372 turns).

theanonym the Grave Robber (Mummy Necromancer)      Turns: 2372, Time: 00:04:10

Health: -3/35      AC:  2    Str: 12    XL:     5   Next: 5%
Magic:  12/12      EV: 12    Int: 15    God:
Gold:   174        SH:  0    Dex: 12    Spells: 6/14 levels left

rFire    . . .     SeeInvis .   g - +0 dagger
rCold    + . .     Gourm    .   (no shield)
rNeg     + + +     Faith    .   (no armour)
rPois    ∞         Spirit   .   (no helmet)
rElec    .         Reflect  .   (no cloak)
rCorr    .         Harm     .   h - +0 pair of gloves
MR       .....                  e - +0 pair of boots
Stlth    ++........             (no amulet)
HPRegen  0.11/turn              i - ring of protection from fire
MPRegen  0.13/turn              (no ring)

@: about to teleport, very slightly contaminated
A: no food or potions, fire vulnerability, cold resistance 1, negative energy
resistance 3, torment resistance, unbreathing
a: no special abilities


Innate Abilities, Weirdness & Mutations

You do not eat or drink.
Your flesh is vulnerable to fire.
You are immune to poison.
Your flesh is cold resistant. (rC+)
You are immune to negative energy. (rN+++)
You are immune to unholy pain and torment.
You can survive without breathing.


   Skills:
 + Level 0.5 Armour
 + Level 1.8 Dodging
 - Level 1.5 Stealth
 - Level 5.0 Spellcasting
 - Level 5.0 Necromancy


You had 6 spell levels left.
You knew the following spells:

 Your Spells              Type           Power        Failure   Level  Hunger
a - Pain                  Necr           ###.         1%          1    N/A
c - Vampiric Draining     Necr           ###.......   6%          3    N/A
e - Animate Dead          Necr           N/A          21%         4    N/A

Your spell library contained the following spells:

 Spells                   Type           Power        Failure   Level  Hunger
 Animate Skeleton         Necr           N/A          1%          1    N/A
 Regeneration             Chrm/Necr      Unusable     N/A         3    N/A

Skill      XL: |  1  2  3  4 |
---------------+-------------+-----
Spellcasting   | 3 4 5 |  5.0
Necromancy     | 5 |  5.0
Armour         | |  0.5
Dodging        | |  1.8
Stealth        | |  1.5

Action                   |  1- 3 |  4- 6 || total
-------------------------+-------+-------++-------
Melee: Unarmed           |     1 |       ||     1
       Dagger            |    12 |    36 ||    48
 Cast: Pain              |    46 |    60 ||   106
  Use: Scroll            |       |     8 ||     8
 Stab: Sleeping          |     1 |     1 ||     2
Armor: Robe              |     2 |       ||     2
       Skin              |     2 |    10 ||    12
Dodge: Dodged            |    29 |    59 ||    88

Inventory:

Hand Weapons
 g - a +0 dagger (weapon)
   (You took it off a kobold on level 1 of the Dungeon)
Armour
 a - a +0 robe
 e - a +0 pair of boots (worn)
   (You found it on level 1 of the Dungeon)
 h - a +0 pair of gloves (worn)
   (You found it on level 3 of the Dungeon)
 j - a +0 ring mail
   (You took it off Terence on level 2 of the Dungeon)
Jewellery
 i - a ring of protection from fire (left hand)
   (You found it on level 1 of the Dungeon)
 l - a cursed amulet of inaccuracy
   (You found it on level 2 of the Dungeon)
Scrolls
 c - 2 scrolls of enchant armour
 f - 2 scrolls of fog
 n - 3 scrolls of remove curse
 t - a scroll of teleportation {!r}
 B - a scroll of blinking


You were on level 3 of the Dungeon.
You were not hungry.

You visited 1 branch of the dungeon, and saw 3 of its levels.

You collected 174 gold pieces.

Dungeon Overview and Level Annotations

Branches:
Dungeon (3/15)

Altars:
Elyvilon

## ############# ..
.............
..######..##.....§§#
#.........#..... #§#
..........#...####.##
#.....)...#....§@Z§§#
#.(...........#######
##........#...#
##........#...#
##.#.#.#..###.####.#
##.#.#.#....%......#
........>...#........
.....................
....##....#.#########


You could see a hornet zombie.

Notes
Turn   | Place    | Note
-------+----------+-------------------------------------------
     0 | D:1      | theanonym the Mummy Necromancer began the quest for the
                  | Orb.
     0 | D:1      | Reached XP level 1. HP: 13/13 MP: 4/4
     8 | D:1      | Reached skill level 3 in Spellcasting
    59 | D:1      | Reached XP level 2. HP: 19/19 MP: 1/6
   120 | D:1      | HP: 9/19 [dart slug/slug dart (6)]
  1003 | D:2      | Reached XP level 3. HP: 24/24 MP: 6/8
  1012 | D:2      | Noticed Terence
  1017 | D:2      | Killed Terence
  1017 | D:2      | Reached skill level 4 in Spellcasting
  1169 | D:2      | Learned a level 3 spell: Vampiric Draining
  1213 | D:2      | Reached XP level 4. HP: 30/30 MP: 5/10
  1435 | D:2      | Found a faded altar of an unknown god.
  1582 | D:2      | Reached skill level 5 in Necromancy
  1598 | D:2      | Found a white marble altar of Elyvilon.
  1785 | D:2      | Noticed a centaur
  1877 | D:3      | Learned a level 4 spell: Animate Dead
  2190 | D:3      | Reached skill level 5 in Spellcasting
  2190 | D:3      | Reached XP level 5. HP: 30/35 MP: 0/12
  2365 | D:3      | HP: 14/35 [hornet zombie (5)]
  2372 | D:3      | Slain by a hornet zombie

Vanquished Creatures
  Terence (D:2)
  5 adders
  3 oozes
  A dart slug (D:1)
  6 leopard geckos
  An orc (D:3)
  3 giant cockroaches
  3 goblins
  6 hobgoblins
  2 jackals (D:1)
  8 kobolds
  A ball python (D:2)
  7 bats
  A frilled lizard (D:2)
  8 rats
56 creatures vanquished.

Table legend:
 A = Turns spent in this place as a percentage of turns spent in the entire game.
 B = Non-inter-level travel turns spent in this place as a percentage of non-inter-level travel turns spent in the entire game.
 C = Inter-level travel turns spent in this place as a percentage of turns spent in this place.
 D = Turns resting spent in this place as a percentage of non-inter-level travel turns spent in this place.
 E = Turns spent auto-exploring this place as a percentage of non-inter-level travel turns spent in this place.
 F = Non-inter-level travel turns spent in this place divided by the number of levels of this place that you've seen.
                   A       B       C       D       E      F
               +-------+-------+-------+-------+-------+----------------------
         Total | 100.0 | 100.0 |   3.5 |  43.0 |  41.4 | 763.0
       Dungeon | 100.0 | 100.0 |   3.5 |  43.0 |  41.4 | 763.0
               +-------+-------+-------+-------+-------+----------------------
